 Dungeon Crawl Stone Soup version 0.29-a0-322-g68df515428 (webtiles) character file.

Game seed: 2459458979251011581

415 Ijustatesigmund the Firebug (level 6, -2/32 HPs)
             Began as a Deep Elf Fire Elementalist on Apr 8, 2022.
             Slain by a phantom (4 damage)
             ... on level 5 of the Dungeon.
             The game lasted 00:09:02 (5134 turns).

Ijustatesigmund the Firebug (DEFE)                  Turns: 5134, Time: 00:09:03

Health: -2/32      AC:  7    Str:  5    XL:     6   Next: 60%
Magic:  11/13      EV: 12    Int: 22    God:
Gold:   107        SH:  0    Dex: 15    Spells: 3/11 levels left

rFire   . . .      SeeInvis .   m - +2 dagger (speed)
rCold   . . .      Faith    .   (no shield)
rNeg    . . .      Spirit   .   a - +0 robe
rPois   .          Reflect  .   (no helmet)
rElec   .          Harm     .   i - +0 cloak
rCorr   .          Rampage  .   (no gloves)
Will    .....                   (no boots)
Stlth   ++........              (no amulet)
HPRegen 0.10/turn               e - +4 ring of protection
MPRegen 0.13/turn               (no ring)

@: no status effects
A: no striking features
a: no special abilities


You were on level 5 of the Dungeon.
You visited 1 branch of the dungeon, and saw 5 of its levels.

You collected 169 gold pieces.
You spent 62 gold pieces at shops.

Inventory:

Hand Weapons
 d - a +0 rapier
 m - a +2 dagger of speed (weapon)
Armour
 a - a +0 robe (worn)
 i - a +0 cloak (worn)
Jewellery
 e - a +4 ring of protection (left hand)
Scrolls
 l - a scroll of enchant weapon {unknown}
 p - a scroll of identify
 r - 2 scrolls of immolation
 s - a scroll of enchant armour {unknown}
 t - a scroll of fog
 u - a scroll of magic mapping
Potions
 b - a potion of magic
 c - a potion of flight
 f - 2 potions of heal wounds {unknown}
 g - a potion of brilliance {unknown}
 h - a potion of mutation {unknown}
 j - 2 potions of curing
 k - a potion of haste {unknown}
 n - 2 potions of ambrosia {unknown}
 o - a potion of degeneration {unknown}
 q - 2 potions of invisibility {unknown}


   Skills:
 - Level 2.4 Dodging
 - Level 2.4 Stealth
 - Level 3.3 Spellcasting
 + Level 4.1 Conjurations
 - Level 3.1 Translocations
 + Level 5.2 Fire Magic
 + Level 2.7 Earth Magic


You had 3 spell levels left.
You knew the following spells:

 Your Spells              Type           Power      Damage    Failure   Level
a - Foxfire               Conj/Fire      96%        2x1d8     1%          1
b - Scorch                Fire           52%        2d7       1%          2
c - Blink                 Tloc           34%        N/A       4%          2
d - Stone Arrow           Conj/Erth      36%        3d9       9%          3

Your spell library contained the following spells:

 Spells                   Type           Power      Damage    Failure   Level
 Magic Dart               Conj           88%        1d7       2%          1
 Apportation              Tloc           34%        N/A       3%          1
 Conjure Flame            Conj/Fire      24%        6-21      5%          3
 Lesser Beckoning         Tloc           17%        N/A       10%         3
 Animate Skeleton         Necr           6%         N/A       12%         1
 Slow                     Hex            12%        N/A       12%         1
 Summon Small Mammal      Summ           12%        N/A       12%         1
 Inner Flame              Hex/Fire       15%        N/A       12%         3
 Call Imp                 Summ           3%         N/A       19%         2
 Mephitic Cloud           Conj/Pois/Air  9%         N/A       21%         3
 Confusing Touch          Hex            3%         N/A       34%         3
 Vampiric Draining        Necr           3%         2d6       34%         3
 Flame Wave               Conj/Fire      24%        2d7       17%         4
 Animate Armour           Summ/Erth      18%        N/A       56%         4
 Manifold Assault         Tloc           17%        N/A       67%         5
 Cause Fear               Hex            1%         N/A       75%         4
 Dragon Form              Tmut           1%         N/A       100%        7
 Lehudib's Crystal Spear  Conj/Erth      9%         10d4      100%        8
 Dragon's Call            Summ           1%         N/A       100%        9


Dungeon Overview and Level Annotations

Branches:
Dungeon (5/15)
 Temple: D:4-7

Altars:

Shops:
D:2 !=(**


Message History

Found a stone staircase leading down.
Found a leather armour.
There is a stone staircase leading down here.
You see here a +0 leather armour.
Found a ring mail and 18 stones.
You see here a +0 ring mail.
You see here 18 stones.
u - a scroll of magic mapping
Found a stone staircase leading up.
Done exploring.
Done exploring.
(D) Dungeon
Where to? (Enter - D:4, ? - help)
There is a stone staircase leading up here.
There is a stone staircase leading down here.
You climb downwards.
Found 16 gold pieces and a dagger.
There is a stone staircase leading up here.
There are monsters nearby!
Casting: Foxfire (safe; 1% risk of failure)
Confirm with . or Enter, or press ? or * to list all spells.
You conjure some foxfire!
The foxfire hits the komodo dragon.
The komodo dragon is lightly wounded.
The foxfire hits the phantom.
The phantom is lightly damaged.
Casting: Foxfire (safe; 1% risk of failure)
Confirm with . or Enter, or press ? or * to list all spells.
You conjure some foxfire!
The foxfire hits the komodo dragon!
The komodo dragon is moderately wounded.
The foxfire hits the phantom.
The phantom is moderately damaged.
The komodo dragon bites you! The phantom hits you.
The iguana hisses angrily.
The komodo dragon bites you!
Ouch! That really hurt!
* * * LOW HITPOINT WARNING * * *
The phantom hits you.
You die...

#.. .. . #.
.#
#.######..#
#.....l...#
#........).
#..l.....##
#.@......$
#.W....###
#......#
#......#
########


You could see a komodo dragon, a phantom and an iguana.

Vanquished Creatures
  Menkaure (D:4)
  Jessica (D:3)
  Terence (D:3)
  Natasha (D:2)
  2 iguanas (D:4)
  Robin (D:2)
  4 adders
  2 worms (D:2)
  A dart slug (D:1)
  10 orcs
  8 endoplasms
  6 giant cockroaches
  15 goblins
  5 hobgoblins
  4 jackals (D:2)
  4 quokkas
  9 ball pythons
  4 bats
  6 frilled lizards
  12 kobolds
  5 rats
102 creatures vanquished.

Vanquished Creatures (others)
  240 foxfires
240 creatures vanquished.

Grand Total: 342 creatures vanquished

Notes
Turn   | Place    | Note
-------+----------+-------------------------------------------
     0 | D:1      | Ijustatesigmund the Deep Elf Fire Elementalist began the
                  | quest for the Orb.
     0 | D:1      | Reached XP level 1. HP: 10/10 MP: 6/6
   321 | D:1      | Reached XP level 2. HP: 15/15 MP: 5/8
   343 | D:1      | Learned a level 2 spell: Scorch
   798 | D:1      | Learned a level 2 spell: Blink
  1152 | D:2      | Reached skill level 1 in Translocations
  1159 | D:2      | Reached XP level 3. HP: 19/19 MP: 2/9
  1435 | D:2      | Found Teujames's General Store.
  1460 | D:2      | Bought a potion of curing for 42 gold pieces
  1748 | D:2      | Found Rakigrali's Jewellery Boutique.
  1751 | D:2      | Found Venirussy's Weapon Boutique.
  1825 | D:2      | Noticed Natasha
  1829 | D:2      | Killed Natasha
  1830 | D:2      | Reached XP level 4. HP: 24/24 MP: 1/11
  1935 | D:2      | Found Gomacuch's Assorted Antiques.
  1943 | D:2      | Bought a murky coppery potion for 20 gold pieces
  2022 | D:2      | Found a faded altar of an unknown god.
  2036 | D:2      | Reached skill level 4 in Fire Magic
  2295 | D:2      | Found Pelasm's Distillery.
  2783 | D:3      | Noticed Robin
  2796 | D:2      | Killed Robin
  2797 | D:2      | Reached XP level 5. HP: 25/28 MP: 3/12
  2970 | D:2      | Learned a level 3 spell: Stone Arrow
  3155 | D:3      | Noticed Terence
  3160 | D:3      | Killed Terence
  3161 | D:3      | Noticed Jessica
  3164 | D:3      | Killed Jessica
  3165 | D:3      | Reached skill level 1 in Earth Magic
  3951 | D:4      | Noticed Menkaure
  3962 | D:4      | Killed Menkaure
  3963 | D:4      | Reached skill level 5 in Fire Magic
  3963 | D:4      | Reached XP level 6. HP: 32/32 MP: 7/13
  5129 | D:5      | Entered Level 5 of the Dungeon
  5129 | D:5      | Noticed a komodo dragon
  5134 | D:5      | Slain by a phantom

Illustrated notes

Levels and vault maps discovered:
D:1:      heliophobic_arrival_battle_scene, layout_basic, serial_curves,
          eino_curves_02, eino_curves_04, eino_curves_01
D:2:      layout_loops_ring, serial_shops, shop, shop,
          nicolae_shop_temple_entry_statues_fountains, shop, shop,
          nicolae_ecumenical_snake_handling, uniq_natasha
D:3:      layout_loops_ring, uniq_robin, uniq_jessica, uniq_terence
D:4:      layout_loops_ring, uniq_menkaure
D:5:      layout_basic, minmay_temple_entry_wispy,
          nicolae_shop_overcharged_wands, uniq_crazy_yiuf_cottage

Skill      XL: |  1  2  3  4  5  6 |
---------------+-------------------+-----
Conjurations   | 2 3 4 |  4.1
Translocations | 1 3 |  3.1
Fire Magic     | 4 5 |  5.2
Earth Magic    | 2 |  2.7
Dodging        | |  2.4
Stealth        | |  2.4
Spellcasting   | |  3.3

Action                   |  1- 3 |  4- 6 || total
-------------------------+-------+-------++-------
Melee: Short sword       |     6 |       ||     6
       Rapier            |     2 |     1 ||     3
       Dagger            |       |     1 ||     1
 Cast: Foxfire           |    60 |    95 ||   155
       Scorch            |     4 |    12 ||    16
  Use: Scroll            |     5 |     2 ||     7
Armor: Robe              |     9 |    18 ||    27
Dodge: Dodged            |    14 |    38 ||    52

Table legend: (Time is in decaauts)
 A = Elapsed time spent in this place.
 B = Non-inter-level travel time spent in this place.
 C = Inter-level travel time spent in this place.
 D = Time resting spent in this place.
 E = Time spent auto-exploring this place.
 F = Levels seen in this place.
 G = Mean time per level.
                   A        B        C        D        E       F      G
               +--------+--------+--------+--------+--------+-----+--------+
         Total |   5132 |   5019 |    113 |   1648 |   2722 |   5 | 1026.4 |
       Dungeon |   5132 |   5019 |    113 |   1648 |   2722 |   5 | 1026.4 |
               +--------+--------+--------+--------+--------+-----+--------+

Top non-repeatable levels by time:
     D:2: 1684 daAuts
     D:4: 1208 daAuts
     D:3: 1129 daAuts
     D:1: 1105 daAuts
     D:5: 4 daAuts
